 Dungeon Crawl Stone Soup version 0.16-a0-3633-g6873515 (webtiles) character file.

1874 vatarom the Slicer (level 9, -5/42 HPs)
             Began as a Vine Stalker Assassin on Jan 14, 2015.
             Was a Follower of Ashenzari.
             Slain by an orc warrior
             ... wielding a +0 long sword
              (20 damage)
             ... on level 7 of the Dungeon.
             The game lasted 00:13:49 (4410 turns).

vatarom the Slicer (Vine Stalker Assassin)          Turns: 4410, Time: 00:13:49

Health: -5/42      AC:  7    Str: 17    XL:     9   Next: 14%
Magic:  0/12       EV: 14    Int: 11    God:    Ashenzari [*.....]
Gold:   250        SH:  4    Dex: 16    Spells: 0 memorised, 8 levels left

rFire  . . .     SeeInvis .     a - +3 dagger (flame)
rCold  . . .     Clarity  .     p - +0 robe (curse)
rNeg   . . .     SustAb   .     m - +1 buckler
rPois  .         Gourm    .     (helmet restricted)
rElec  .         Spirit   +     d - +1 cloak
rCorr  .         Warding  .     (no gloves)
rMut   .         Stasis   .     h - +0 pair of boots
MR     ++...                    (no amulet)
Stlth  +++.......               (no ring)
                                z - ring of protection from magic

@: very resistant to hostile enchantments, fairly stealthy
A: fangs 3, horns 1, yellow scales 1, regeneration 2, magic shield, antimagic
bite, no device heal 3, rot immunity
a: Renounce Religion


You were on level 7 of the Dungeon.
You worshipped Ashenzari.
Ashenzari was aware of your devotion.
You were not hungry.

You visited 1 branch of the dungeon, and saw 7 of its levels.
You also visited: Sewer.

You collected 250 gold pieces.

Inventory:

Hand weapons
 a - a +3 dagger of flaming (weapon)
 b - a +0 blowgun
Missiles
 e - 18 poisoned needles
 f - 2 curare-tipped needles
Armour
 d - a +1 cloak (worn)
 h - a +0 pair of boots (worn)
 m - a +1 buckler (worn)
 n - a +0 scale mail
 p - a cursed +0 robe (worn)
Jewellery
 q - an uncursed ring of protection from magic
 y - an uncursed ring of fire
 z - a ring of protection from magic (left hand)
Magical devices
 w - a wand of digging (2)
 A - a wand of frost (32)
Scrolls
 j - a scroll of fog
 r - a scroll of fear
 v - 3 scrolls of identify
 x - 3 scrolls of remove curse
 D - a scroll of blinking
 F - a scroll of teleportation
Potions
 g - a potion of flight
 k - 9 potions of curing
 l - 2 potions of haste
 t - 2 potions of resistance
 u - a potion of brilliance
 B - a potion of restore abilities
 C - a potion of magic
 E - a potion of degeneration {unknown}
Books
 s - a Grand Grimoire {highlevel, unknown}

   This book is beyond your current level of understanding.

   Spells                             Type                      Level
   a - Aura of Abjuration             Summoning                    6
   b - Forceful Dismissal             Summoning                    6
   c - Summon Greater Demon           Summoning                    7
   d - Malign Gateway                 Summoning/Translocation      7
   e - Summon Horrible Things         Summoning                    8
Comestibles
 c - a fruit
 i - a slice of pizza
 o - a royal jelly


   Skills:
 - Level 1.7 Fighting
 + Level 9.1 Short Blades
 - Level 1.7 Throwing
 - Level 4.9 Dodging
 - Level 5.4 Stealth


You had 8 spell levels left.
You didn't know any spells.

Dungeon Overview and Level Annotations

Branches:
Dungeon (7/15)
 Temple: D:4-7

Altars:
Ashenzari
Cheibriados
Elyvilon
Gozag
Kikubaaqudgha
Nemelex Xobeh
Qazlal
Sif Muna
Yredelemnul


Innate Abilities, Weirdness & Mutations

You have razor-sharp teeth.
You heal very quickly.
When hurt, damage is shared between your health and your magic reserves.
Your bite disrupts and absorbs the magic of your enemies.
Potions and wands cannot restore your health.
You are immune to rotting.
You have a pair of small horns on your head.
You are partially covered in yellow scales (AC +2).


Message History

The orc warrior is moderately wounded.
You block the kobold's attack.
You closely miss the orc warrior.
The orc warrior is moderately wounded.
The orc warrior hits you with a long sword!
You hit the orc warrior but do no damage.
You bite the orc warrior, but do no damage.
The orc warrior is moderately wounded.
The kobold misses you. The orc warrior barely misses you.
You hit the orc warrior. You burn the orc warrior.
Your headbutt misses the orc warrior.
You bite the orc warrior, but do no damage.
The orc warrior is heavily wounded.
The kobold barely misses you.
You hit the orc warrior. You burn the orc warrior.
Your headbutt misses the orc warrior.
You bite the orc warrior, but do no damage.
The orc warrior is almost dead.
The orc warrior hits you with a long sword!!
You die...

###....PPPP#gK..#..
#.......♣P♣# ...#..#
...###.PP♣♣ $.#.$#
..# #..♣P♣ .#.$# #.
##..PP♣# #..#
#..##......######..#
#....†....')...#..#
#.........'.>).#o)#
##........'...(@K.#
..........♣######++#
........PPPP
.....#...♣PP♣
##..###.PPPP♣ #.#
#...♣P♣ . #...PPP
#...


You could see an orc warrior and a kobold.

Vanquished Creatures
  A water moccasin (D:6)
  4 ogres
  2 centaurs
  2 big kobolds
  2 giant frogs (D:6)
  A gnoll sergeant (D:7)
  A scorpion (D:6)
  2 hounds
  A jelly (D:5)
  3 orc priests
  4 orc wizards
  5 worker ants
  4 iguanas
  Natasha (thrice) (D:3)
  A hound skeleton (D:4)
  A river rat (D:6)
  6 gnolls
  14 adders
  3 giant mites (D:6)
  4 worms
  An adder zombie (D:5)
  3 oozes
  12 orcs
  A ball python (D:2)
  6 bats
  3 giant cockroaches
  9 goblins
  12 hobgoblins
  8 jackals
  13 kobolds
  5 giant geckos
  6 giant newts
  12 rats
155 creatures vanquished.

Notes
Turn   | Place    | Note
--------------------------------------------------------------
     0 | D:1      | vatarom, the Vine Stalker Assassin, began the quest for the Orb.
     0 | D:1      | Reached XP level 1. HP: 11/11 MP: 1/1
    32 | D:1      | Reached skill level 5 in Stealth
    95 | D:1      | Reached XP level 2. HP: 8/15 MP: 3/3
   205 | D:1      | Reached skill level 1 in Dodging
   307 | D:1      | Gained mutation: You have a pair of small horns on your head. [potion of mutation]
   307 | D:1      | Gained mutation: You are partially covered in yellow scales (AC +2). [potion of mutation]
   338 | D:1      | Reached XP level 3. HP: 18/18 MP: 4/4
   798 | D:2      | Reached XP level 4. HP: 19/23 MP: 3/5
   999 | D:2      | Found an opulent altar of Gozag.
  1138 | D:2      | Found a sparkling altar of Nemelex Xobeh.
  1185 | D:2      | Reached XP level 5. HP: 26/26 MP: 7/7
  1306 | D:2      | Found an ancient bone altar of Kikubaaqudgha.
  1493 | D:3      | Found a basalt altar of Yredelemnul.
  1523 | D:3      | Noticed Natasha
  1532 | D:3      | Killed Natasha
  1560 | D:3      | Found a shattered altar of Ashenzari.
  1574 | D:3      | Became a worshipper of Ashenzari the Shackled
  1682 | D:3      | Noticed Natasha
  1698 | D:3      | Killed Natasha
  1713 | D:3      | You fall through a shaft for 2 floors!
  1713 | D:5      | Entered Level 5 of the Dungeon
  1730 | D:5      | Gained mutation: You heal very quickly. [vine stalker growth]
  1730 | D:5      | Reached XP level 6. HP: 30/30 MP: 8/8
  1909 | D:3      | Found a snail-covered altar of Cheibriados.
  2122 | D:3      | Noticed Natasha
  2131 | D:3      | Killed Natasha
  2534 | D:4      | Found a stormy altar of Qazlal.
  2561 | D:4      | Reached XP level 7. HP: 31/34 MP: 6/9
  2956 | D:5      | Noticed an ogre
  2964 | D:5      | Killed an ogre
  2964 | D:5      | Reached skill level 5 in Short Blades
  3096 | D:5      | Found a deep blue altar of Sif Muna.
  3201 | D:5      | Noticed an ice beast
  3310 | D:6      | Gained mutation: You have razor-sharp teeth. [vine stalker growth]
  3310 | D:6      | Reached XP level 8. HP: 14/38 MP: 3/11
  3362 | D:6      | Reached skill level 6 in Short Blades
  3482 | D:6      | Found a glowing drain.
  3490 | Sewer    | Entered a sewer
  3596 | Sewer    | Reached skill level 7 in Short Blades
  3925 | D:5      | Found an ancient bone altar of Kikubaaqudgha.
  3925 | D:5      | Noticed an ogre
  3931 | D:5      | Killed an ogre
  3963 | D:6      | Found a white marble altar of Elyvilon.
  3986 | D:6      | Reached skill level 8 in Short Blades
  4295 | D:6      | Reached XP level 9. HP: 28/42 MP: 9/12
  4390 | D:7      | Reached skill level 9 in Short Blades
  4410 | D:7      | Slain by an orc warrior

Action                   |  1- 3 |  4- 6 |  7- 9 || total
-------------------------+-------+-------+-------++-------
Melee: Dagger            |    97 |   189 |   241 ||   527
 Fire: Blowgun           |       |    13 |     5 ||    18
  Use: Potion            |     5 |     3 |     2 ||    10
       Scroll            |     4 |     6 |     2 ||    12
 Stab: Invisible         |     2 |       |       ||     2
       Sleeping          |     3 |    10 |    11 ||    24
       Distracted        |     1 |       |     1 ||     2
  Eat: Chunk             |       |     1 |       ||     1
       Fruit             |       |     1 |     1 ||     2
       Bread ration      |       |     1 |     1 ||     2
       Beef jerky        |       |       |     1 ||     1
       Pizza             |       |       |     1 ||     1
